 Dungeon Crawl Stone Soup version 0.19-a0-1920-g83281cb (webtiles) character file.

1079936 KarmaPolice the Intangible (level 27, -4/179 HPs)
             Began as a Halfling Hunter on Oct 19, 2016.
             Was the Champion of Okawaru.
             Killed by divine providence
             ... invoked by a balrug
              (12 damage)
             ... on level 4 of the Abyss on Oct 24, 2016.
             The game lasted 18:31:34 (149090 turns).

KarmaPolice the Intangible (Halfling Hunter)      Turns: 149090, Time: 18:31:36

Health: -4/179     AC: 32    Str: 20      XL:     27
Magic:  17/25      EV: 47    Int:  6 (7)  God:    Okawaru [******]
Gold:   9624       SH: 26    Dex: 32      Spells: 9 memorised, 8 levels left

rFire  + + +     SeeInvis .     F - +9 eudemon blade (holy)
rCold  + + +     Gourm    .     z - +4 plate armour of Uskayaw's Approval {rN++ Str-2 Int+2 Slay+3}
rNeg   + + +     Faith    .     X - +1 shield of Abstinence {+Fly rF+}
rPois  +         Spirit   .     A - +1 hat of the Lily {Str+5}
rElec  +         Reflect  +     e - +2 cloak of Vantixoz {rElec rC+ Str+2 Dex+3}
rCorr  +         Harm     .     W - +2 pair of gloves of the Monkey {Dex+4}
MR     ++++.     Rnd*Rage +     m - +0 pair of boots of Dim Light {+Inv rF+ MR++ Regen+}
Stlth  ++........ Rnd*Tele +    V - +4 amulet of reflection
                                D - ring of Shaolin {EV+8}
                                Q - ring of Noaceh {rC+ rN+}

@: agile, about to teleport, resistant, heroism, very slightly contaminated,
non-regenerating, diseased, hasted, very quick
A: berserk 2, blurry vision 3, clumsy 2, deformed body, dopey 2, frail 2, low mp
3, mutation resistance 1, screaming 2, teleportitis 3, weak 1, no device heal 3,
subdued magic 2, MP-powered wands
a: Heroism, Finesse, Renounce Religion, Evoke Invisibility, Evoke Flight
}: 7/15 runes: decaying, slimy, silver, iron, obsidian, bone, gossamer


You were on level 4 of the Abyss.
You worshipped Okawaru.
Okawaru was exalted by your worship.
You were hungry.

You visited 16 branches of the dungeon, and saw 76 of its levels.
You visited the Abyss 2 times.
You visited 1 bazaar.
You also visited: Bailey, Volcano and Desolation.

You collected 12232 gold pieces.
You spent 2608 gold pieces at shops.

Inventory:

Hand Weapons
 i - the +7 sceptre of Asmodeus
   (You took it off Asmodeus on level 7 of Gehenna)
 p - a +8 fustibalus of freezing
 t - the +8 autumn katana {slice, Clar}
   (You found it on level 1 of the Depths)

   It inflicts extra damage upon your enemies.
   It protects you against confusion.
 F - a +9 eudemon blade of holy wrath (weapon)
 Z - a +8 demon blade of draining
Missiles
 M - 749 sling bullets
Armour
 e - the +2 cloak of Vantixoz (worn) {rElec rC+ Str+2 Dex+3}
   (You found it on level 7 of the Dungeon)

   It affects your strength (+2).
   It affects your dexterity (+3).
   It protects you from cold.
   It insulates you from electricity.
 m - the +0 pair of boots of Dim Light (worn) {+Inv rF+ MR++ Regen+}
   (You found it on level 7 of the Dungeon)

   It protects you from fire.
   It affects your resistance to hostile enchantments.
   It lets you turn invisible.
   It increases your rate of regeneration.
 v - +0 gold dragon scales
 z - the +4 plate armour of Uskayaw's Approval (worn) {rN++ Str-2 Int+2 Slay+3}
   (You took it off a goblin in a bailey)

   It affects your strength (-2).
   It affects your intelligence (+2).
   It affects your accuracy and damage with ranged weapons and melee attacks
   (+3).
   It greatly protects you from negative energy.
 A - the +1 hat of the Lily (worn) {Str+5}
   (Okawaru gifted it to you on level 3 of the Elven Halls)

   It affects your strength (+5).
 P - the +1 cloak of Immorality {Regen+ rCorr Str+3 Stlth+}
   (Okawaru gifted it to you on level 2 of the Lair of Beasts)

   It affects your strength (+3).
   It increases your rate of regeneration.
   It protects you from acid and corrosion.
   It makes you more stealthy.
 W - the +2 pair of gloves of the Monkey (worn) {Dex+4}
   (Okawaru gifted it to you on level 3 of the Crypt)

   It affects your dexterity (+4).
 X - the +1 shield of Abstinence (worn) {+Fly rF+}
   (You took it off Donald on level 2 of the Crypt)

   It protects you from fire.
   It lets you fly.
Jewellery
 h - the amulet of Esot {+Rage rC+ rN+ Int-5, unknown}
   (You found it on level 7 of Gehenna)

   [amulet of rage]

   It affects your intelligence (-5).
   It protects you from cold.
   It protects you from negative energy.
   It lets you go berserk.
 j - an uncursed ring of protection from magic
 y - the ring "Xots" {rElec rN+++ MR- SInv Stlth-}
   (You found it on level 5 of the Pits of Slime)

   [ring of loudness]

   It insulates you from electricity.
   It renders you almost immune to negative energy.
   It affects your resistance to hostile enchantments.
   It lets you see invisible.
   It makes you less stealthy.
 D - the ring of Shaolin (right hand) {EV+8}
   (You found it on level 1 of the Vaults)

   [ring of evasion]

   It affects your evasion (+8).
 Q - the ring of Noaceh (left hand) {rC+ rN+}
   (You found it on level 3 of the Crypt)

   [ring of positive energy]

   It protects you from cold.
   It protects you from negative energy.
 V - a +4 amulet of reflection (around neck)
Wands
 s - a wand of digging (7/24)
 H - a wand of teleportation (0/9)
 N - a wand of teleportation (1/9)
 T - a wand of heal wounds (2/9)
Scrolls
 a - 2 scrolls of summoning
 b - 3 scrolls of enchant weapon
 d - a scroll of enchant armour
 l - 26 scrolls of remove curse
 o - 2 scrolls of holy word
 q - 7 scrolls of fear
 r - 2 scrolls of acquirement
 w - 7 scrolls of magic mapping
 x - 7 scrolls of fog
 E - 23 scrolls of teleportation
 O - 2 scrolls of brand weapon
 U - 3 scrolls of silence
 Y - 4 scrolls of blinking
Potions
 c - a potion of cure mutation
 g - a potion of invisibility
 B - 7 potions of curing
 C - 2 potions of cancellation
 G - a potion of haste
 K - a potion of resistance
 S - 4 potions of berserk rage
Miscellaneous
 u - 4 sacks of spiders
 J - the horn of Geryon
 L - 3 phantom mirrors
Comestibles
 f - 37 bread rations
 n - 16 meat rations
 I - 5 chunks of flesh


   Skills:
 O Level 27 Fighting
   Level 8.0(27) Short Blades
 O Level 27 Long Blades
 - Level 16.1(21.1) Slings
 + Level 23.8(27) Armour
 O Level 27 Dodging
 - Level 3.0(8.0) Stealth
 - Level 21.1(26.1) Shields
 - Level 10.1 Spellcasting
 + Level 13.9 Hexes
 - Level 4.0 Charms
 - Level 17.0 Translocations
 - Level 17.0 Air Magic
 + Level 15.6 Invocations
 + Level 13.5 Evocations


You had 8 spell levels left.
You knew the following spells:

 Your Spells              Type           Power        Failure   Level  Hunger
a - Confusing Touch       Hex            ##....       1%          1    None
b - Infusion              Chrm           #...         10%         1    None
c - Repel Missiles        Chrm/Air       #.....       1%          2    ##.....
d - Controlled Blink      Tloc           N/A          100%        8    #######
e - Silence               Hex/Air        ##........   2%          5    ######.
f - Swiftness             Chrm/Air       #.......     1%          2    ##.....
g - Invisibility          Hex            ##......     36%         6    #######
h - Tornado               Air            ##........   100%        9    #######
i - Airstrike             Air            ##........   1%          4    ####...


Dungeon Overview and Level Annotations

Branches:
Dungeon (15/15)            Temple (1/1) D:7            Lair (6/6) D:9
  Swamp (4/4) Lair:3       Spider (4/4) Lair:4        Slime (5/5) Lair:5
    Orc (2/2) D:10            Elf (3/3) Orc:2        Vaults (5/5) D:14
  Crypt (3/3) Vaults:3       Tomb (0/3) Crypt:3      Depths (5/5) D:15
   Hell (1/1)                 Dis (7/7) Hell            Geh (7/7) Hell
    Coc (1/7) Hell            Tar (7/7) Hell            Zot (0/5) Depths:5

Altars:
Ashenzari
Cheibriados
Dithmenos
Elyvilon
Fedhas
Gozag
Hepliaklqana
Kikubaaqudgha
Makhleb
Nemelex Xobeh
Okawaru
Qazlal
Ru
Sif Muna
Trog
Uskayaw
Vehumet
Xom
Yredelemnul
Zin
The Shining One
Beogh
Jiyva

Shops:
Orc:2 [*:(   Vaults:3 [   Depths:2 %

Portals:
Hell: Depths:1 Depths:2 Depths:3 Depths:4 Depths:5
Abyss: Depths:2 Depths:3 Depths:4
Pandemonium: Depths:1 Depths:2 Depths:3
Ziggurat: Depths:5

Annotations:
D:7 Joseph


Innate Abilities, Weirdness & Mutations

You are small and have problems with some larger weapons.
You are somewhat resistant to further mutation.
You are weak. (Str -2)
[You often lose your temper in combat.]
[Scrolls take you much longer to read.]
[You are very clumsy. (Dex -4)]
[Armour fits poorly on your strangely shaped body.]
[You are very dopey. (Int -4)]
[You are very frail. (-20% HP)]
[Your magical capacity is extremely low. (-30% MP)]
[You sometimes yell uncontrollably at your foes.]
[You are often teleported next to monsters.]
[Potions and wands cannot restore your health.]
[Your spells are easier to cast, but less powerful.]
[You expend magic power (3 MP) to strengthen your wands.]


Message History

You feel strangely unstable.
You feel the power of the Abyss delaying your translocation!
Evoking this partially-identified wand wasted a few charges.
Your skill with magical items lets you calculate the power of this device...
This wand has 1 charge left.
You block the thrashing horror's attack. x2
The smoke demon closely misses you. You block the smoke demon's attack. x2
The vampire mage gestures wildly while chanting.
The vampire mage flickers and vanishes!
The spatial maelstrom completely misses you.
The spatial maelstrom misses you. You block the balrug's attack.
A starcursed mass splits.
You feel ill.
You gain the combat prowess of a mighty hero.
You block the thrashing horror's attack. x2
The spatial maelstrom closely misses you.
The spatial maelstrom hits you but does no damage.
The smoke demon completely misses you. x2; You block the smoke demon's attack.
The balrug gestures at you. Something smites you!
You die...

##..##..#.)*# #
# ...(...§.†.#
.=...v.55.###
#..##5x55(.#
##..##5v#*X.#
.....43*vX3#.#
.x 3.x3Xv4.. #
[##..##Xv##..#
#.. #3@# ..#
.....XX2Xx...#
......ZXWz{M...#
##..##Xu##..#..
#.. #X4# ..# ...
..3. .s. . ....
4.. ##..# ##.


You could see 9 starcursed masses, a cyan very ugly thing, a balrug, a spatial
maelstrom, 2 wretched stars, a demonic crawler, a sun demon, 2 spatial vortices,
3 ancient zymes, a thrashing horror, 2 hellwings, 3 smoke demons, a ynoxinul, 2
red devils, a shadow, a flying skull, 2 insubstantial wisps, a mummy, 6 ufetubi
and a titan zombie.

Vanquished Creatures
  Asmodeus (Geh:7)
  the Royal Jelly (Slime:5)
  Ereshkigal (Tar:7)
  the Serpent of Hell (Geh:7)
  Dispater (Dis:7)
  Mara (Elf:3)
  Mennas (Depths:4)
  3 ancient liches
  Sojobo (Depths:1)
  2 shard shrikes (Coc:1)
  Bai Suzhen (Crypt:2)
  Xtahua (Depths:4)
  Frederick (Crypt:2)
  A caustic shrike (Depths:5)
  Geryon (Hell)
  2 golden dragons
  28 bone dragons
  Nikola (Spider:1)
  Jory (Depths:3)
  21 doom hounds
  64 Tzitzimimeh
  48 Brimstone Fiends
  12 iron giants
  12 Hell Sentinels
  Jorgrun (Crypt:1)
  2 tentacled monstrosities
  7 Ice Fiends
  A hellephant (Depths:3)
  22 liches
  3 deep elf blademasters
  3 titans
  22 acid blobs
  A deep elf master archer (Elf:3)
  4 quicksilver dragons
  Asterion (Elf:1)
  12 tentacled starspawn
  7 Executioners
  13 eldritch tentacles
  9 storm dragons
  10 sphinxes
  26 ancient champions
  Gastronok (D:8)
  13 tengu reavers
  Donald (Crypt:2)
  3 thorn hunters
  23 shadow dragons
  A revenant (Hell)
  7 azure jellies
  A daeva (Abyss:4)
  11 deep elf sorcerers
  11 fire giants
  An orc warlord (Orc:1)
  15 vault wardens
  8 frost giants
  An imperial myrmidon (Desolation)
  4 ghost moths
  9 cacodemons
  30 balrugs
  13 iron dragons
  3 curse skulls
  6 ghouls
  4 deep elf elementalists
  5 spriggan defenders
  32 very ugly things
  5 emperor scorpions
  15 ironheart preservers
  111 reapers
  An angel (Abyss:4)
  A draconian annihilator (Depths:5)
  8 war gargoyles
  An entropy weaver (shapeshifter) (Vaults:5)
  31 stone giants
  14 vampire knights
  9 deep elf demonologists
  4 entropy weavers
  A green draconian (Abyss:2)
  13 deep elf annihilators
  A halazid warlock (Desolation)
  A spark wasp (shapeshifter) (Vaults:4)
  9 eidola
  7 lorocyprocas
  6 spark wasps
  5 crystal guardians
  13 deep elf death magi
  A merfolk javelineer (Depths:2)
  15 ettins
  Snorg (D:12)
  5 blizzard demons
  3 green deaths
  14 death oozes
  21 fire dragons
  An ettin (shapeshifter) (Vaults:5)
  A fire dragon (shapeshifter) (Vaults:5)
  A mummy priest (Crypt:3)
  8 jiangshi
  16 yaktaur captains
  15 quicksilver dragon zombies
  14 deep elf high priests
  3 ragged hierophants (Desolation)
  19 great orbs of eyes
  13 peacekeepers (Desolation)
  6 servants of whispers (Desolation)
  34 hydras
  12 ice dragons
  A spectral kraken (Tar:7)
  27 vault guards
  The ghost of p0werm0de the Martial Artist, a journeyman OpAK of Lugonu (D:11)
  Fannar (Lair:3)
  9 rakshasas
  11 quicksilver dragon skeletons
  2 catoblepae
  6 ghost crabs
  4 spriggan air magi
  7 death knights
  12 centaur warriors
  Erica (D:9)
  2 hell beasts
  40 dancing weapons
  9 alligators
  A satyr (Abyss:4)
  16 ogre magi
  10 tengu warriors
  12 deep troll shamans
  5 death yaks
  10 spriggan berserkers
  33 hell hogs
  Urug (D:13)
  13 deep troll earth magi
  4 thrashing horrors
  15 titan zombies
  5 vampire magi
  A hell hog (shapeshifter) (Abyss:4)
  An orc high priest (Elf:3)
  5 spriggans
  13 storm dragon zombies
  33 deep elf knights
  Sonja (Lair:3)
  23 sun demons
  7 iron golems
  2 fire crabs (shapeshifter)
  35 soul eaters
  4 sixfirhies
  7 shadow wraiths
  244 skeletal warriors
  The ghost of vev the Grappler, a novice DrAK of Lugonu (Bailey)
  8 wretched stars
  39 shadow demons
  A death drake (Tar:3)
  10 titan skeletons
  91 hell knights
  14 swamp dragons
  15 iron trolls
  An unseen horror (D:10)
  2 spatial maelstroms (Abyss:4)
  9 storm dragon skeletons
  34 flayed ghosts
  2 spriggan druids (Swamp:4)
  15 shadow dragon zombies
  15 anaconda zombies
  3 shambling mangroves
  4 ghost moth zombies
  6 glowing orange brains
  5 wizards
  32 deep trolls
  15 deep elf archers
  9 golden dragon zombies
  7 hill giants
  24 large abominations
  26 ironbrand convokers
  30 phantasmal warriors
  Pikel (D:5)
  7 golden dragon skeletons
  10 anaconda skeletons
  16 starcursed masses
  18 orc knights
  15 shadow dragon skeletons
  12 harpies
  11 wolf spider zombies
  A lindwurm (Lair:6)
  2 harpies (shapeshifter)
  A mana viper (shapeshifter) (D:13)
  39 necromancers
  9 iron dragon zombies
  16 orb spiders
  80 deep elf magi
  16 stone giant zombies
  2 tengu skeletons
  43 ugly things
  14 cyclopes
  25 wolf spiders
  7 orc sorcerers
  6 shining eyes
  18 frost giant zombies
  5 worldbinders
  A moth of wrath (shapeshifter) (Vaults:5)
  10 manticores
  16 fire giant zombies
  9 elephants
  A salamander (shapeshifter) (D:14)
  13 stone giant skeletons
  20 smoke demons
  A guardian serpent (shapeshifter) (Vaults:3)
  10 frost giant skeletons
  A guardian serpent (Desolation)
  A moth of wrath (Spider:3)
  6 black mambas (Lair:6)
  8 iron dragon skeletons
  A shock serpent zombie (Tar:1)
  73 rust devils
  9 dire elephant zombies
  2 apocalypse crabs
  14 fire giant skeletons
  17 vault sentinels
  14 molten gargoyles
  2 eyes of devastation
  2 ice statues (Hell)
  6 gargoyles
  72 hellions
  23 spiny frogs
  An orange demon (Hell)
  3 shock serpent skeletons
  17 spectral swamp worms (Tar:7)
  A mottled draconian zombie (Tar:4)
  11 rime drakes
  73 tormentors
  17 demonic crawlers
  6 emperor scorpion zombies
  6 catoblepas zombies
  13 efreet
  6 dire elephant skeletons
  14 hellwings
  39 freezing wraiths
  16 komodo dragons
  A yaktaur (shapeshifter) (Vaults:3)
  A rime drake (shapeshifter) (Vaults:3)
  7 ancient zymes
  2 guardian mummies (Crypt:3)
  An entropy weaver simulacrum (Vaults:2)
  A queen bee (D:8)
  2 anaconda simulacra (Hell)
  4 tengu conjurers
  51 yaktaurs
  4 catoblepas skeletons
  A yellow draconian skeleton (Dis:1)
  A black draconian skeleton (Crypt:1)
  26 ice devils
  3 meliai (shapeshifter)
  7 harpy zombies
  27 jumping spiders
  5 silent spectres
  13 trolls
  A ghost moth simulacrum (Crypt:2)
  62 red devils
  A meliai (D:15)
  20 two-headed ogres
  2 polar bears
  A golden dragon simulacrum (Tar:1)
  2 two-headed ogres (shapeshifter)
  3 tyrant leeches
  A merfolk (shapeshifter) (Vaults:3)
  A wolf spider simulacrum (Crypt:2)
  29 hornets
  A hornet (shapeshifter) (Depths:4)
  9 harpy skeletons
  16 hydra zombies
  16 raiju
  A wind drake (shapeshifter) (Vaults:2)
  16 hydra skeletons
  2 minotaur skeletons (Crypt:3)
  9 bog bodies
  51 saltlings (Desolation)
  159 slime creatures
  6 dream sheep
  30 blink frogs
  2 slime creatures (shapeshifter)
  8 alligator zombies
  13 fire dragon zombies
  23 hippogriffs
  The ghost of Sagittaire the Slasher, an amateur HaWr (D:5)
  14 ettin zombies
  A hippogriff (shapeshifter) (Vaults:2)
  2 snapping turtles (shapeshifter)
  9 ice dragon zombies
  7 alligator skeletons
  58 shadows
  2 black mamba zombies
  11 fire dragon skeletons
  A guardian serpent skeleton (Crypt:2)
  A redback (shapeshifter) (Vaults:2)
  53 redbacks
  14 ettin skeletons
  227 flying skulls
  43 yaks
  5 air elementals
  23 tarantellas
  3 vampires
  10 ynoxinuls
  58 fire elementals
  6 ice dragon skeletons
  11 water elementals
  8 wyverns
  A hog (shapeshifter) (Vaults:1)
  A human (shapeshifter) (Vaults:1)
  A yak (shapeshifter) (Elf:2)
  84 wraiths
  13 basilisks
  5 neqoxecs
  8 fire bats
  A black mamba skeleton (Geh:3)
  7 hungry ghosts
  3 golden eyes (Abyss:4)
  21 vampire mosquitoes
  6 wargs
  4 mottled dragons
  2 steam dragons
  A swamp worm (shapeshifter) (Vaults:2)
  2 tengu zombies
  4 chaos spawn
  8 insubstantial wisps
  A harpy simulacrum (Tar:3)
  13 spatial vortices
  29 swamp worms
  Duvessa (D:5)
  201 hell hounds
  2 merfolk zombies
  10 spiny frog zombies
  15 water moccasins
  A monstrous demonspawn skeleton (Tar:7)
  14 porcupines
  A merfolk skeleton (Coc:1)
  A torturous demonspawn skeleton (Crypt:2)
  12 swamp drakes
  10 sky beasts
  3 black bears
  2 hornet zombies
  20 phantoms
  49 orc warriors
  4 swamp dragon zombies
  7 ice beasts
  10 snapping turtle zombies
  20 boggarts
  70 necrophages
  8 spiny frog skeletons
  A blink frog zombie (Crypt:1)
  A slave (D:4)
  7 eyes of draining
  An eye of draining (shapeshifter) (Vaults:3)
  2 manticore zombies
  57 ogres
  A tengu (shapeshifter) (Vaults:5)
  26 centaurs
  7 manticore skeletons
  11 snapping turtle skeletons
  5 swamp dragon skeletons
  11 wolves
  19 crocodiles
  Blork the orc (D:6)
  A hippogriff zombie (Crypt:1)
  3 big kobolds
  2 elf zombies
  28 bullfrogs
  5 earth elementals
  Dowan (D:5)
  A hippogriff skeleton (Crypt:2)
  A spiny frog simulacrum (Hell)
  A gnoll sergeant (D:5)
  9 wyvern skeletons
  An elf skeleton (Crypt:2)
  A hornet simulacrum (D:15)
  A komodo dragon skeleton (Crypt:2)
  3 scorpions
  A water moccasin skeleton (D:6)
  2 troll zombies
  4 spriggan zombies
  A swamp dragon simulacrum (Abyss:2)
  29 killer bees
  198 wights
  A yak skeleton (Crypt:2)
  6 electric eels
  3 howler monkeys
  4 troll skeletons
  A vampire bat (Orc:2)
  2 spriggan skeletons
  A bullfrog zombie (D:5)
  25 crimson imps
  6 lava snakes (Lair:6)
  8 hounds
  A quasit (Abyss:4)
  A yaktaur simulacrum (Vaults:1)
  7 centaur skeletons
  2 centaur zombies
  6 human zombies
  5 jellies
  30 orc wizards
  27 orc priests
  4 bullfrog skeletons
  3 gnoll shamans (D:5)
  54 iron imps
  Terence (D:3)
  A basilisk skeleton (Crypt:1)
  5 iguanas
  A human skeleton (Geh:7)
  12 worker ants
  19 small abominations
  A naga zombie (Geh:7)
  2 naga skeletons
  A deep dwarf skeleton (Crypt:2)
  A hound skeleton (D:4)
  8 mummies
  3 worker ant zombies
  32 gnolls
  15 adders
  24 shadow imps
  4 white imps
  An ufetubus (Abyss:4)
  5 oozes
  2 dart slugs
  2 worms
  7 leopard geckos
  122 orcs
  12 bats
  7 giant cockroaches
  20 goblins
  16 hobgoblins
  17 jackals
  8 quokkas
  2 ball pythons
  3 frilled lizards
  A frilled lizard zombie (Crypt:1)
  A jackal skeleton (D:4)
  27 kobolds
  A kobold simulacrum (Crypt:2)
  3 kobold skeletons
  A leopard gecko zombie (D:6)
  An orc skeleton (Geh:4)
  2 quokka skeletons
  A quokka zombie (D:5)
  10 rats
  A crawling corpse (Depths:5)
  14 fungi
  4 pillars of salt (Elf:1)
  5 plants
  9 starspawn tentacles
  A tentacle (Tar:7)
  13 withered plants (Crypt:3)
5969 creatures vanquished.

Vanquished Creatures (collateral kills)
  An anaconda zombie (Dis:7)
1 creature vanquished.

Vanquished Creatures (others)
  A doom hound (Tar:3)
  A tentacled monstrosity (Vaults:5)
  A deep elf master archer (Elf:3)
  2 eldritch tentacles
  5 yaktaur captains
  An ice dragon (Depths:5)
  2 centaur warriors
  3 hell hogs
  A deep elf knight (Elf:2)
  3 deep elf archers
  A cyclops (D:14)
  4 deep elf magi
  A rust devil (Dis:7)
  6 yaktaurs
  A hellion (Geh:7)
  A demonic crawler (Spider:4)
  A harpy skeleton (Geh:4)
  A slime creature (Slime:1)
  A shadow (Geh:3)
  2 air elementals
  2 water elementals
  A flying skull (Geh:4)
  A wraith (Vaults:5)
  A neqoxec (Abyss:4)
  A hell hound (Geh:3)
  An orc warrior (Vaults:3)
  3 slaves (D:5)
  2 boggarts
  3 centaurs
  5 wights
  A hound (D:5)
  An iron imp (Dis:2)
  An orc wizard (Vaults:3)
  8 gnolls (D:5)
  A leopard gecko (D:5)
  3 orcs
  3 jackals (D:5)
  2 bushes (Lair:6)
  19 fungi
  A lurking horror (Abyss:4)
  3 pillars of salt (Elf:1)
  32 plants
  27 starspawn tentacles
  13 tentacles (Tar:7)
  16 withered plants (Crypt:3)
190 creatures vanquished.

Grand Total: 6160 creatures vanquished

Notes
Turn   | Place    | Note
-------+----------+-------------------------------------------
     0 | D:1      | KarmaPolice the Halfling Hunter began the quest for the Orb.
     0 | D:1      | Reached XP level 1. HP: 14/14 MP: 1/1
    75 | D:1      | Reached XP level 2. HP: 5/19 MP: 2/2
   616 | D:1      | Reached skill level 1 in Short Blades
   755 | D:1      | Reached XP level 3. HP: 20/24 MP: 3/3
  1513 | D:2      | Reached XP level 4. HP: 30/30 MP: 4/4
  1553 | D:2      | Noticed a hand axe
  1553 | D:2      | Noticed a dagger
  1556 | D:2      | Found a hide-covered altar of Uskayaw.
  2264 | D:3      | Reached XP level 5. HP: 35/35 MP: 5/5
  2441 | D:3      | Noticed Terence
  2473 | D:3      | Killed Terence
  2574 | D:3      | Reached skill level 1 in Evocations
  2607 | D:3      | Noticed a phantom
  2932 | D:3      | Killed a phantom
  2932 | D:3      | Reached XP level 6. HP: 42/42 MP: 7/7
  3659 | D:5      | Entered Level 5 of the Dungeon
  3682 | D:4      | Noticed an ogre
  3713 | D:4      | Killed an ogre
  3713 | D:4      | Reached XP level 7. HP: 46/46 MP: 8/8
  4284 | D:5      | Noticed Sagittaire's ghost (amateur HaWr)
  4448 | D:5      | Noticed Duvessa
  4495 | D:5      | Killed Duvessa
  4523 | D:5      | Noticed Dowan
  4835 | D:5      | Killed Dowan
  5483 | D:5      | Noticed Pikel
  5522 | D:5      | Killed Pikel
  5522 | D:5      | Reached skill level 5 in Short Blades
  5522 | D:5      | Reached skill level 5 in Dodging
  5522 | D:5      | Reached XP level 8. HP: 48/54 MP: 11/11
  5767 | D:5      | Found a stormy altar of Qazlal.
  5936 | D:5      | Reached skill level 5 in Fighting
  6271 | D:5      | Reached XP level 9. HP: 56/61 MP: 12/12
  7033 | D:5      | Learned a level 1 spell: Confusing Touch
  7311 | D:5      | Killed Sagittaire's ghost
  7311 | D:5      | Reached skill level 5 in Evocations
 10302 | D:6      | Reached skill level 1 in Shields
 10468 | D:6      | Reached XP level 10. HP: 47/68 MP: 14/14
 11308 | D:6      | Noticed Blork the orc
 11320 | D:6      | Killed Blork the orc
 11527 | D:6      | Found a sparkling altar of Nemelex Xobeh.
 12545 | D:7      | Got a distressingly furry cloak
 12557 | D:7      | Identified the +2 cloak of Vantixoz {rElec rC+ Str+2 Dex+3} (You found it on level 7 of the Dungeon)
 12615 | D:7      | Found a staircase to the Ecumenical Temple.
 12624 | Temple   | Entered the Ecumenical Temple
 12752 | Temple   | Became a worshipper of Warmaster Okawaru
 12795 | D:7      | Reached skill level 1 in Armour
 13030 | D:7      | Got a pair of ichor-stained boots
 13129 | D:7      | Reached skill level 1 in Invocations
 13195 | D:7      | Noticed Joseph
 14020 | D:8      | Reached * piety under Okawaru
 14400 | D:7      | Reached XP level 11. HP: 68/75 MP: 15/15
 14447 | D:8      | Reached skill level 5 in Shields
 14862 | D:8      | Identified the +0 pair of boots of Dim Light {+Inv rF+ MR++ Regen+} (You found it on level 7 of the Dungeon)
 14876 | D:8      | Learned a level 1 spell: Infusion
 15075 | D:8      | Found a shimmering altar of Xom.
 15096 | D:8      | Found a shimmering altar of Xom.
 15098 | D:8      | Found a shimmering altar of Xom.
 15098 | D:8      | Found a shimmering altar of Xom.
 15099 | D:8      | Found a shimmering altar of Xom.
 15326 | D:8      | Reached ** piety under Okawaru
 15637 | D:8      | Noticed Gastronok
 15677 | D:8      | Killed Gastronok
 15677 | D:8      | Reached skill level 5 in Armour
 15681 | D:8      | Reached skill level 1 in Charms
 16455 | D:9      | Reached skill level 5 in Invocations
 16508 | D:9      | Found a blossoming altar of Fedhas.
 16514 | D:10     | Entered Level 10 of the Dungeon
 16647 | D:9      | Noticed Erica
 16680 | D:9      | Killed Erica
 16680 | D:9      | Reached *** piety under Okawaru
 16739 | D:9      | Found a staircase to the Lair.
 16752 | D:9      | Received a gift from Okawaru
 16798 | Lair:1   | Entered Level 1 of the Lair of Beasts
 17766 | Lair:1   | Reached skill level 1 in Long Blades
 17795 | D:9      | Reached **** piety under Okawaru
 17831 | Lair:1   | Reached XP level 12. HP: 80/84 MP: 16/16
 18989 | Lair:1   | Reached skill level 1 in Spellcasting
 19296 | Lair:1   | Reached ***** piety under Okawaru
 19411 | Lair:1   | Received a gift from Okawaru
 20072 | Lair:2   | Identified 2 scrolls of acquirement
 20542 | Lair:2   | Received a gift from Okawaru
 21011 | Lair:2   | Received a gift from Okawaru
 21014 | Lair:2   | Got a warped cloak {god gift}
 21025 | Lair:2   | Identified the +1 cloak of Immorality {Regen+ rCorr Str+3 Stlth+} (Okawaru gifted it to you on level 2 of the Lair of Beasts)
 21510 | Lair:2   | Reached XP level 13. HP: 68/90 MP: 19/19
 21613 | Lair:1   | Reached skill level 5 in Long Blades
 22009 | Lair:3   | Noticed Sonja
 22347 | Lair:3   | Noticed Fannar
 22425 | Lair:3   | Killed Sonja
 22513 | Lair:3   | Noticed a catoblepas
 23790 | Lair:4   | Noticed a five-headed hydra
 24909 | Lair:3   | Killed a catoblepas
 25298 | Lair:3   | You fall through a shaft for 2 floors!
 25773 | Lair:3   | Found a staircase to the Swamp.
 25817 | Lair:3   | Noticed a six-headed hydra
 25830 | Lair:3   | Killed a two-headed hydra
 25951 | Lair:3   | Killed Fannar
 25999 | Lair:3   | Got a bloodstained trident
 26568 | Lair:3   | Reached skill level 10 in Fighting
 26638 | Lair:4   | Noticed a five-headed hydra
 26728 | Lair:2   | Killed a one-headed hydra
 27623 | Lair:3   | Received a gift from Okawaru
 27746 | Lair:4   | Received a gift from Okawaru
 27844 | Lair:4   | Reached skill level 10 in Armour
 27888 | Lair:4   | Reached XP level 14. HP: 98/99 MP: 21/21
 27932 | Lair:4   | Received a gift from Okawaru
 28136 | Lair:4   | Received a gift from Okawaru
 28151 | Lair:4   | Reached skill level 10 in Invocations
 28326 | Lair:4   | Found a hole to the Spider Nest.
 29546 | Lair:5   | Found a viscous altar of Jiyva.
 29546 | Lair:5   | Found a staircase to the Slime Pits.
 29629 | Lair:6   | Entered Level 6 of the Lair of Beasts
 29989 | Lair:6   | Found a dark tunnel.
 29998 | Volcano  | Entered a volcano
 31720 | Lair:5   | Received a gift from Okawaru
 31862 | Lair:6   | Reached ****** piety under Okawaru
 32524 | Lair:6   | Reached XP level 15. HP: 107/107 MP: 22/22
 32532 | Lair:6   | Got a warped scale mail
 32812 | Lair:5   | Received a gift from Okawaru
 32854 | Lair:5   | Identified the +6 scale mail "Rellem" {+Fly} (You found it on level 6 of the Lair of Beasts)
 33863 | Lair:6   | Found a large runed door.
 34714 | Lair:6   | Found a large runed door.
 36796 | D:10     | Found a staircase to the Orcish Mines.
 37408 | D:11     | Noticed p0werm0de's ghost (journeyman OpAK)
 37434 | D:10     | Received a gift from Okawaru
 37547 | D:11     | Killed p0werm0de's ghost
 38294 | D:12     | Found a flagged portal.
 38327 | Bailey   | Entered a bailey
 38370 | Bailey   | Noticed vev's ghost (novice DrAK)
 38404 | Bailey   | Killed vev's ghost
 38404 | Bailey   | Reached skill level 10 in Dodging
 38465 | Bailey   | Received a gift from Okawaru
 38584 | Bailey   | Found an iron altar of Okawaru.
 38932 | Bailey   | Got a crude plate armour
 38943 | Bailey   | Identified the +4 plate armour of Uskayaw's Approval {rN++ Str-2 Int+2 Slay+3} (You took it off a goblin in a bailey)
 39622 | D:12     | Noticed Snorg
 39641 | D:12     | Killed Snorg
 39641 | D:12     | Reached XP level 16. HP: 75/116 MP: 12/23
 40605 | D:13     | Found a radiant altar of Vehumet.
 41177 | D:13     | Received a gift from Okawaru
 41260 | D:13     | Got a heavily runed buckler
 41261 | D:13     | Noticed a fire giant
 41279 | D:13     | Identified the +1 buckler "Nyzoiwi" {Int+5} (You took it off a vampire on level 13 of the Dungeon)
 41432 | D:13     | Killed a fire giant
 41433 | D:13     | Noticed a tengu reaver
 41445 | D:13     | Killed a tengu reaver
 41445 | D:13     | Reached skill level 10 in Long Blades
 41640 | D:13     | Noticed Urug
 41657 | D:13     | Killed Urug
 42266 | D:13     | Received a gift from Okawaru
 42770 | D:14     | Found a gate to the Vaults.
 42811 | D:14     | Received a gift from Okawaru
 43118 | D:15     | Entered Level 15 of the Dungeon
 43409 | Orc:1    | Entered Level 1 of the Orcish Mines
 44213 | Orc:2    | Entered Level 2 of the Orcish Mines
 44327 | Orc:2    | Found Fufusch's General Store.
 44536 | Orc:2    | Found Rouwkoikk's Antique Weapon Emporium.
 44571 | Orc:2    | Reached skill level 10 in Evocations
 44572 | Orc:2    | Found a staircase to the Elven Halls.
 44723 | Orc:2    | Found Jissuin's Book Boutique.
 45629 | Orc:2    | Found Tawkyxt's Antique Armour Shop.
 45660 | Orc:2    | Reached XP level 17. HP: 84/122 MP: 24/24
 45983 | Orc:2    | Found a roughly hewn altar of Beogh.
 46292 | Orc:2    | Bought a bread ration for 60 gold pieces
 46636 | D:15     | Found a staircase to the Depths.
 48175 | Lair:3   | Received a gift from Okawaru
 48207 | Swamp:1  | Entered Level 1 of the Swamp
 49746 | Swamp:2  | Received a gift from Okawaru
 49793 | Swamp:2  | Got a pair of spiked boots
 49805 | Swamp:2  | Identified the +2 pair of boots "Heoplaepn" {*Drain +Blink rElec rCorr} (You found it on level 2 of the Swamp)
 50136 | Swamp:2  | Received a gift from Okawaru
 51127 | Swamp:3  | Noticed a thorn hunter
 51147 | Swamp:3  | Killed a thorn hunter
 51263 | Swamp:3  | Received a gift from Okawaru
 51708 | Swamp:4  | Entered Level 4 of the Swamp
 51969 | Swamp:4  | Reached XP level 18. HP: 117/130 MP: 25/25
 52472 | Swamp:4  | Received a gift from Okawaru
 52548 | Swamp:4  | Received a gift from Okawaru
 52589 | Swamp:4  | Reached skill level 15 in Armour
 52891 | Swamp:4  | Got a decaying rune of Zot
 52896 | Swamp:4  | Got a polished chain mail
 52907 | Swamp:4  | Identified the +4 chain mail of a labyrinth {rCorr Str+4 Stlth-} (You found it on level 4 of the Swamp)
 53758 | Spider:1 | Entered Level 1 of the Spider Nest
 53927 | Spider:1 | Reached skill level 1 in Hexes
 53996 | Spider:1 | Noticed Nikola
 54025 | Spider:1 | Killed Nikola
 54430 | Spider:1 | Got a steaming plate armour
 54441 | Spider:1 | Identified the cursed +1 plate armour "Zaak" {*Slow Dex+5} (You found it on level 1 of the Spider Nest)
 54603 | Spider:1 | Received a gift from Okawaru
 55515 | Spider:2 | Learned a level 2 spell: Repel Missiles
 55674 | Spider:2 | Reached XP level 19. HP: 130/137 MP: 26/26
 56040 | Spider:2 | Received a gift from Okawaru
 56682 | Spider:3 | Reached skill level 10 in Slings
 57596 | Spider:4 | Entered Level 4 of the Spider Nest
 58041 | Spider:4 | Reached skill level 15 in Fighting
 58688 | Spider:4 | Reached skill level 1 in Air Magic
 58888 | Spider:4 | Received a gift from Okawaru
 58902 | Spider:4 | Got a gossamer rune of Zot
 59271 | D:10     | Upgraded the game from 0.19-a0-1899-g2d93087 to 0.19-a0-1907-gcff654f
 59375 | Elf:1    | Entered Level 1 of the Elven Halls
 59464 | Elf:1    | Received a gift from Okawaru
 59518 | Elf:1    | Found a flickering gateway to a bazaar.
 59523 | Bazaar   | Entered a bazaar
 59527 | Bazaar   | Found Benirei's General Store.
 59535 | Bazaar   | Bought a potion of flight for 54 gold pieces
 59535 | Bazaar   | Bought a potion of curing for 54 gold pieces
 59550 | Bazaar   | Bought a scroll of identify for 36 gold pieces
 59550 | Bazaar   | Bought a scroll of identify for 36 gold pieces
 59550 | Bazaar   | Bought a potion of lignification for 54 gold pieces
 59565 | Bazaar   | Found Qeawiu's Magic Scroll Boutique.
 59573 | Bazaar   | Bought a scroll of enchant armour for 90 gold pieces
 59573 | Bazaar   | Bought a scroll of identify for 24 gold pieces
 59573 | Bazaar   | Bought a scroll of identify for 24 gold pieces
 59573 | Bazaar   | Bought a scroll of identify for 24 gold pieces
 59573 | Bazaar   | Found Gewiqaid's Antique Armour Boutique.
 59586 | Bazaar   | Found Jufoung's Jewellery Emporium.
 59597 | Bazaar   | Found Kiarph Cenee's Antique Weapon Shop.
 59607 | Bazaar   | Bought a bone dagger for 161 gold pieces
 59607 | Bazaar   | Identified the +6 dagger of Leutyjeu {pierce, *Noise +Blink rElec rPois} (You bought it in a shop in a bazaar)
 59622 | Bazaar   | Upgraded the game from 0.19-a0-1907-gcff654f to 0.19-a0-1908-g43c011f
 59624 | Bazaar   | Bought a +4 amulet of reflection for 225 gold pieces
 59639 | Bazaar   | Bought a pair of ichor-stained gloves for 294 gold pieces
 59639 | Bazaar   | Identified the +2 pair of gloves "Zosaurum" {+Blink SInv} (You bought it in a shop in a bazaar)
 59648 | Bazaar   | Bought a scroll of acquirement for 624 gold pieces
 59691 | Bazaar   | Bought an uncursed ring of protection from magic for 225 gold pieces
 59728 | Elf:1    | Found a ruined gateway.
 59737 | Desolati | Entered the Desolation of Salt
 59773 | Desolati | Received a gift from Okawaru
 59969 | Desolati | Identified the Reference Book on Dark Rituals
 60025 | Desolati | Reached XP level 20. HP: 141/145 MP: 27/27
 60171 | Desolati | Got an ancient tin ring
 60173 | Desolati | Identified the ring of Futud {*Tele Str+3 SInv Stlth-} (You found it in the Desolation of Salt)
 60238 | Desolati | Identified the Volume of the Unstable Traveller
 60242 | Desolati | Identified the Compendium of Flying Stones
 60366 | Desolati | Got a fine tin ring
 60367 | Desolati | Identified the ring "Dotwedo" {+Fly rPois Dex+4} (You found it in the Desolation of Salt)
 60375 | Desolati | Got a transparent crystal amulet
 60381 | Desolati | Identified the Disquisition on Igneous Companions
 60591 | Desolati | Identified the amulet of Hard Scrabble {Inacc rPois} (You found it in the Desolation of Salt)
 61063 | Desolati | Upgraded the game from 0.19-a0-1908-g43c011f to 0.19-a0-1920-g83281cb
 61126 | Elf:1    | Noticed Asterion
 61148 | Elf:1    | Killed Asterion
 61289 | Elf:1    | Received a gift from Okawaru
 61570 | Elf:1    | Identified the Guide on Conjuration
 62430 | Elf:2    | Found a deep blue altar of Sif Muna.
 62563 | Elf:2    | Received a gift from Okawaru
 62659 | Elf:2    | Reached skill level 5 in Spellcasting
 62666 | Elf:2    | Reached skill level 10 in Shields
 62863 | Elf:2    | Received a gift from Okawaru
 63040 | Elf:2    | Got an ichor-stained arbalest
 63046 | Elf:2    | Identified the cursed +2 arbalest of Kois {flame, Dex+5} (You found it on level 2 of the Elven Halls)
 63168 | Elf:2    | Found a huge runed gate.
 63168 | Elf:2    | Found a huge runed gate.
 63169 | Elf:2    | Found a huge runed gate.
 63170 | Elf:2    | Found a huge runed gate.
 63176 | Elf:2    | Found a huge runed gate.
 63533 | Elf:2    | Reached XP level 21. HP: 138/153 MP: 28/28
 63858 | Elf:2    | Received a gift from Okawaru
 64706 | Vaults:1 | Entered Level 1 of the Vaults
 65148 | Vaults:1 | Received a gift from Okawaru
 67166 | Vaults:2 | Reached XP level 22. HP: 162/162 MP: 29/29
 68268 | Vaults:2 | Received a gift from Okawaru
 68284 | Vaults:2 | Got a brightly glowing plate armour {god gift}
 68285 | Vaults:2 | Identified the +5 plate armour of Indomitability {Str-5 Dex+8 Slay+2} (Okawaru gifted it to you on level 2 of the Vaults)
 68719 | Vaults:3 | Found a staircase to the Crypt.
 68719 | Vaults:3 | Found an ancient bone altar of Kikubaaqudgha.
 68719 | Vaults:3 | Found a basalt altar of Yredelemnul.
 68900 | Vaults:3 | Reached skill level 15 in Long Blades
 70088 | Vaults:3 | Reached skill level 15 in Shields
 70139 | Vaults:3 | Found Agrolipt's Armour Boutique.
 70734 | Vaults:3 | Received a gift from Okawaru
 70916 | Vaults:3 | Got a smoking chain mail {god gift}
 70917 | Vaults:3 | Identified the +3 chain mail "Recku" {rElec rN+ Str+8 Dex-3} (Okawaru gifted it to you on level 3 of the Vaults)
 71310 | Vaults:4 | Reached XP level 23. HP: 168/168 MP: 30/30
 72981 | Depths:1 | Entered Level 1 of the Depths
 73111 | Depths:1 | Identified the Grimoire of Nocuous Heat
 73135 | Depths:1 | Found a gateway to Hell.
 73296 | Depths:1 | Noticed Sojobo
 73522 | Depths:1 | Found a one-way gate leading to the halls of Pandemonium.
 73939 | Depths:1 | Found a snail-covered altar of Cheibriados.
 73988 | Depths:1 | Received a gift from Okawaru
 74078 | Depths:1 | Killed Sojobo
 74149 | Depths:1 | Received a gift from Okawaru
 74572 | Depths:1 | Received a gift from Okawaru
 74579 | Depths:1 | Reached XP level 24. HP: 176/176 MP: 32/32
 74933 | Depths:2 | Found a one-way gate to the infinite horrors of the Abyss.
 75419 | Depths:2 | Received a gift from Okawaru
 75873 | Depths:2 | Got a crude glaive
 75874 | Depths:2 | Identified the +9 glaive of Kucump {flame, *Noise rPois rF- Dex+5} (You found it on level 2 of the Depths)
 76241 | Depths:2 | Received a gift from Okawaru
 76245 | Depths:2 | Got a dazzling fustibalus {god gift}
 76246 | Depths:2 | Identified the +1 fustibalus of Agywn {freeze, Int+3} (Okawaru gifted it to you on level 2 of the Depths)
 76704 | Depths:2 | Found Maseajaet's Food Emporium.
 76709 | Depths:2 | Bought a meat ration for 65 gold pieces
 76709 | Depths:2 | Bought a bread ration for 65 gold pieces
 76709 | Depths:2 | Bought a beef jerky for 19 gold pieces
 76709 | Depths:2 | Bought a fruit for 19 gold pieces
 76709 | Depths:2 | Bought a meat ration for 65 gold pieces
 76709 | Depths:2 | Bought a meat ration for 65 gold pieces
 76709 | Depths:2 | Bought a bread ration for 65 gold pieces
 76709 | Depths:2 | Bought a bread ration for 65 gold pieces
 76709 | Depths:2 | Bought a bread ration for 65 gold pieces
 76709 | Depths:2 | Bought a meat ration for 65 gold pieces
 76709 | Depths:2 | Bought a meat ration for 65 gold pieces
 77031 | Depths:3 | Noticed a golden dragon
 77042 | Depths:3 | Killed a golden dragon
 77271 | Depths:3 | Noticed Jory
 77299 | Depths:3 | Killed Jory
 77339 | Depths:3 | Received a gift from Okawaru
 77368 | Depths:3 | Received a gift from Okawaru
 77434 | Depths:3 | Received a gift from Okawaru
 78062 | Depths:3 | Reached XP level 25. HP: 145/184 MP: 33/33
 78653 | Depths:3 | Found a bloodstained altar of Trog.
 78895 | Depths:4 | Noticed Mennas
 78925 | Depths:4 | Killed Mennas
 79178 | Depths:4 | Noticed Xtahua
 79195 | Depths:4 | Killed Xtahua
 79389 | Depths:4 | Received a gift from Okawaru
 79663 | Depths:4 | Gained mutation: [Your magical capacity is low. (-10% MP)] [a shining eye]
 80050 | Depths:5 | Entered Level 5 of the Depths
 80757 | Depths:5 | Found an iron altar of Okawaru.
 80758 | Depths:5 | Found a white marble altar of Elyvilon.
 80758 | Depths:5 | Found a blossoming altar of Fedhas.
 80808 | Depths:5 | Found a gateway to a ziggurat.
 81112 | Depths:5 | Reached XP level 26. HP: 192/193 MP: 30/30
 81245 | Depths:5 | Found a gate to the Realm of Zot.
 81436 | Depths:5 | Received a gift from Okawaru
 82039 | Depths:5 | Received a gift from Okawaru
 82053 | Depths:5 | Reached skill level 15 in Dodging
 82056 | Depths:5 | Cast into level 2 of the Abyss (hell knight)
 82059 | Abyss:2  | Found a corrupted altar of Lugonu.
 82505 | Depths:5 | Escaped the Abyss
 83212 | Depths:5 | Got a pitted brass ring
 83229 | Depths:5 | Identified the ring "Matutame" {+Fly Str+6} (You took it off a deep elf death mage on level 5 of the Depths)
 83256 | Depths:5 | Got a smoking amethyst amulet
 83578 | Depths:5 | Identified the amulet "Ocsaasuz" {Faith Str+5} (You took it off a tengu reaver on level 5 of the Depths)
 84174 | D:15     | Learned a level 8 spell: Controlled Blink
 84874 | Elf:3    | Entered Level 3 of the Elven Halls
 84874 | Elf:3    | Noticed Mara
 84877 | Elf:3    | Noticed KarmaPolice's illusion
 84879 | Elf:3    | Reached XP level 27. HP: 200/201 MP: 30/30
 85000 | Elf:3    | Noticed KarmaPolice's illusion
 85012 | Elf:3    | Killed Mara
 85012 | Elf:3    | Reached skill level 1 in Translocations
 85468 | Elf:3    | Received a gift from Okawaru
 86250 | Elf:3    | Received a gift from Okawaru
 86624 | Elf:3    | Got a scorched scale mail
 86627 | Elf:3    | Identified the cursed +0 scale mail "Xekoll" {Str+2 Dex+3} (You found it on level 3 of the Elven Halls)
 87067 | Elf:3    | Got a fine short sword {venom}
 87068 | Elf:3    | Identified the +0 short sword of Amorality {venom, Int+5} (You took it off an orc wizard on level 3 of the Elven Halls)
 87368 | Elf:3    | Reached skill level 5 in Translocations
 87524 | Elf:3    | Received a gift from Okawaru
 87532 | Elf:3    | Got a translucent hat {god gift}
 87543 | Elf:3    | Identified the +1 hat of the Lily {Str+5} (Okawaru gifted it to you on level 3 of the Elven Halls)
 87944 | Elf:3    | Identified the Guide on Congealing Shape Shifting
 88100 | Elf:3    | Identified the Compendium of Bewitching Air
 89083 | Crypt:1  | Entered Level 1 of the Crypt
 89404 | Crypt:1  | Noticed Jorgrun
 89419 | Crypt:1  | Killed Jorgrun
 90110 | Crypt:2  | Found an ancient bone altar of Kikubaaqudgha.
 90113 | Crypt:2  | Noticed Donald
 90127 | Crypt:2  | Killed Donald
 90130 | Crypt:2  | Got a warped shield {Donald}
 90131 | Crypt:2  | Identified the +1 shield of Abstinence {+Fly rF+} (You took it off Donald on level 2 of the Crypt)
 90573 | Crypt:2  | Noticed Frederick
 90588 | Crypt:2  | Killed Frederick
 90814 | Crypt:2  | Noticed Bai Suzhen
 90834 | Crypt:2  | Killed Bai Suzhen
 91037 | Crypt:2  | Received a gift from Okawaru
 91247 | Crypt:3  | Entered Level 3 of the Crypt
 91691 | Crypt:3  | Found an ancient bone altar of Kikubaaqudgha.
 91941 | Crypt:3  | Noticed an ancient lich
 91951 | Crypt:3  | Killed an ancient lich
 91966 | Crypt:3  | Identified the Almanac of Curses
 91995 | Crypt:3  | Learned a level 5 spell: Silence
 91999 | Crypt:3  | Got a warped platinum amulet
 92002 | Crypt:3  | Identified the amulet of Xaliocsasch {Faith Int+6} (You found it on level 3 of the Crypt)
 92008 | Crypt:3  | Got a warped hunting sling
 92011 | Crypt:3  | Got a warped plate armour
 92014 | Crypt:3  | Identified the +1 hunting sling of Meust {freeze, +Fly rN+} (You found it on level 3 of the Crypt)
 92016 | Crypt:3  | Identified the +8 plate armour of Yredelemnul's Hatred {*Corrode MP-9 Int+9 SInv} (You found it on level 3 of the Crypt)
 93092 | Crypt:3  | Received a gift from Okawaru
 93463 | Crypt:3  | Received a gift from Okawaru
 93546 | Crypt:3  | Got a pair of dazzling gloves {god gift}
 93565 | Crypt:3  | Identified the +2 pair of gloves of the Monkey {Dex+4} (Okawaru gifted it to you on level 3 of the Crypt)
 93694 | Crypt:3  | Found a staircase to the Tomb.
 94162 | Crypt:3  | Got a smoking steel amulet
 94168 | Crypt:3  | Got a twitching wooden ring
 94172 | Crypt:3  | Identified the amulet "Iplemn" {rElec Regen+ Str+2 Dex-3} (You found it on level 3 of the Crypt)
 94177 | Crypt:3  | Got a coiled lead ring
 94279 | Crypt:3  | Identified the ring "Gimutto" {rPois rN+ MR- Int-5 Stlth+} (You found it on level 3 of the Crypt)
 94531 | Vaults:3 | Identified the ring of Noaceh {rC+ rN+} (You found it on level 3 of the Crypt)
 95279 | Hell     | Entered the Vestibule of Hell
 95279 | Hell     | Noticed Geryon
 95617 | Hell     | Killed Geryon
 95732 | Hell     | Found a gateway to the decaying netherworld of Tartarus.
 95857 | Hell     | Found a gateway to the freezing wastes of Cocytus.
 96007 | Hell     | Reached skill level 5 in Hexes
 96066 | Hell     | Found a gateway to the ashen valley of Gehenna.
 96132 | Hell     | Found a gateway to the Iron City of Dis.
 96380 | Tar:1    | Entered Level 1 of Tartarus
 96686 | Tar:1    | Received a gift from Okawaru
 96847 | Coc:1    | Entered Level 1 of Cocytus
 96996 | Dis:1    | Entered Level 1 of the Iron City of Dis
 97386 | Dis:1    | Reached skill level 5 in Air Magic
 99445 | Dis:2    | Received a gift from Okawaru
 99726 | Dis:2    | Received a gift from Okawaru
 99806 | Dis:2    | Received a gift from Okawaru
 99999 | Dis:2    | Received a gift from Okawaru
100576 | Dis:3    | Received a gift from Okawaru
101375 | Dis:4    | Reached skill level 10 in Air Magic
102693 | Dis:5    | Received a gift from Okawaru
102718 | Dis:5    | Got a shimmering falchion {god gift}
102719 | Dis:5    | Identified the +1 falchion of Zonef {freeze, rN+} (Okawaru gifted it to you on level 5 of the Iron City of Dis)
103131 | Dis:5    | Reached skill level 10 in Hexes
104018 | Dis:6    | Received a gift from Okawaru
105082 | Dis:6    | Reached skill level 10 in Spellcasting
105441 | Dis:7    | Entered Level 7 of the Iron City of Dis
105677 | Geh:1    | Entered Level 1 of Gehenna
106338 | Geh:1    | Received a gift from Okawaru
106727 | Geh:1    | Received a gift from Okawaru
106991 | Geh:1    | Received a gift from Okawaru
107767 | Tar:1    | Received a gift from Okawaru
107913 | Tar:1    | Received a gift from Okawaru
108285 | Tar:1    | Received a gift from Okawaru
108733 | Tar:1    | Received a gift from Okawaru
108974 | Tar:2    | Received a gift from Okawaru
109239 | Tar:2    | Received a gift from Okawaru
110184 | Tar:2    | Received a gift from Okawaru
110641 | Tar:3    | Received a gift from Okawaru
110835 | Tar:3    | Received a gift from Okawaru
110982 | Tar:3    | Received a gift from Okawaru
111969 | Tar:3    | Reached skill level 15 in Air Magic
112859 | Geh:2    | Received a gift from Okawaru
113005 | Geh:2    | Gained mutation: You are weak. (Str -2) [mutagenic glow]
113779 | Geh:2    | Received a gift from Okawaru
113959 | Geh:2    | Received a gift from Okawaru
115848 | Geh:4    | Gained mutation: Your body sometimes deteriorates upon taking damage. [mutagenic glow]
116355 | Slime:1  | Entered Level 1 of the Pits of Slime
117314 | Slime:3  | Received a gift from Okawaru
117366 | Slime:3  | Gained mutation: [Your magical capacity is very low. (-20% MP)] [a shining eye]
117717 | Slime:4  | Gained mutation: [You are frail. (-10% HP)] [a shining eye]
117725 | Slime:4  | Gained mutation: [You are clumsy. (Dex -2)] [a shining eye]
117729 | Slime:4  | Gained mutation: [Scrolls take you a little longer to read.] [a shining eye]
117736 | Slime:4  | Lost mutation: [Your magical capacity is very low. (-20% MP)] [potion of cure mutation]
117736 | Slime:4  | Lost mutation: [You are clumsy. (Dex -2)] [potion of cure mutation]
117736 | Slime:4  | Lost mutation: Your body sometimes deteriorates upon taking damage. [potion of cure mutation]
117736 | Slime:4  | Lost mutation: [Scrolls take you a little longer to read.] [potion of cure mutation]
117736 | Slime:4  | Lost mutation: [You are frail. (-10% HP)] [potion of cure mutation]
117736 | Slime:4  | Lost mutation: [Your magical capacity is low. (-10% MP)] [potion of cure mutation]
117743 | Slime:5  | Entered Level 5 of the Pits of Slime
117889 | Slime:5  | Noticed the Royal Jelly
117903 | Slime:5  | Killed the Royal Jelly
117903 | Slime:5  | Received a gift from Okawaru
118431 | Slime:5  | Received a gift from Okawaru
118481 | Slime:5  | Got a slimy rune of Zot
118528 | Slime:5  | Got a heavily runed glass ring
118742 | Slime:5  | Identified the ring "Xots" {rElec rN+++ MR- SInv Stlth-} (You found it on level 5 of the Pits of Slime)
118746 | Slime:5  | Got an opalescent robe
118747 | Slime:5  | Identified the +1 robe "Unnewku" {*Drain +Blink Str+9 Dex+6} (You found it on level 5 of the Pits of Slime)
119906 | Vaults:4 | Got an ancient brass ring
119909 | Vaults:4 | Identified the ring "Teaplyah" {rF- MR+ Int+3 Dex+3} (You acquired it on level 4 of the Vaults)
119919 | Vaults:5 | Entered Level 5 of the Vaults
119922 | Vaults:5 | Noticed an ancient lich
120024 | Vaults:4 | Received a gift from Okawaru
120111 | Vaults:4 | Killed an ancient lich
120272 | Vaults:5 | Reached skill level 10 in Translocations
120483 | Vaults:4 | Received a gift from Okawaru
120543 | Vaults:5 | Noticed an ancient lich
120608 | Vaults:4 | Received a gift from Okawaru
120786 | Vaults:4 | Killed an ancient lich
121274 | Vaults:5 | Got a translucent long sword
121275 | Vaults:5 | Identified the +8 long sword of Doom {slice, MR+} (You found it on level 5 of the Vaults)
121287 | Vaults:5 | Identified Cigotuvi's Incunabulum of Mutagenic Dark Arts
121736 | Vaults:5 | Got a silver rune of Zot
122288 | Vaults:5 | Identified Noizxamn's Collected Works on Ensnaring Battle Magic
122307 | Vaults:5 | Learned a level 2 spell: Swiftness
122314 | Vaults:5 | Learned a level 6 spell: Invisibility
122533 | Vaults:5 | Received a gift from Okawaru
123762 | Depths:3 | Got a pair of spiked boots
123768 | Depths:3 | Identified the +0 pair of boots of the Peculiar Eyes {*Corrode Str+2 Int+6 Dex+3} (You acquired it on level 3 of the Depths)
124005 | Hell     | Received a gift from Okawaru
125327 | Dis:7    | Received a gift from Okawaru
125597 | Dis:7    | Received a gift from Okawaru
126027 | Dis:7    | Received a gift from Okawaru
126126 | Dis:7    | Got a clouded ivory amulet
126128 | Dis:7    | Identified the amulet "Siumm" {Faith Dex+2 Stlth+} (You found it on level 7 of the Iron City of Dis)
126208 | Dis:7    | Received a gift from Okawaru
126626 | Dis:7    | Gained mutation: [Your magical capacity is low. (-10% MP)] [mutagenic glow]
126660 | Dis:7    | Gained mutation: [Your magical capacity is very low. (-20% MP)] [mutagenic glow]
127087 | Dis:7    | Received a gift from Okawaru
127287 | Dis:7    | Received a gift from Okawaru
127498 | Dis:7    | Received a gift from Okawaru
127751 | Dis:7    | Received a gift from Okawaru
128040 | Dis:7    | Received a gift from Okawaru
128163 | Dis:7    | Noticed Dispater
128214 | Dis:7    | Killed Dispater
128217 | Dis:7    | Got a warped lead ring
128235 | Dis:7    | Identified the Disquisition on Creation
128239 | Dis:7    | Got an iron rune of Zot
129058 | Geh:4    | Reached skill level 15 in Translocations
129211 | Geh:4    | Reached skill level 27 in Dodging
129481 | Geh:4    | Received a gift from Okawaru
129534 | Geh:4    | Got a bronze plate armour {god gift}
130091 | Geh:4    | Identified the +1 plate armour "Piedwuq" {Dex+3} (Okawaru gifted it to you on level 4 of Gehenna)
131860 | Geh:6    | Identified the ring of Lofio {Fire Str+3 Int+4 Dex-2} (You took it off Dispater on level 7 of the Iron City of Dis)
131884 | Geh:7    | Entered Level 7 of Gehenna
131967 | Geh:7    | Received a gift from Okawaru
132314 | Geh:7    | Received a gift from Okawaru
132648 | Geh:7    | Received a gift from Okawaru
132651 | Geh:7    | Got a fine buckler {god gift}
132674 | Geh:7    | Identified the +5 buckler "Woercha Oloi" {-Tele rElec Int+7 Stlth+} (Okawaru gifted it to you on level 7 of Gehenna)
133674 | Geh:7    | Got a coiled sapphire amulet
133819 | Geh:7    | Noticed the Serpent of Hell
133839 | Geh:7    | Killed the Serpent of Hell
134126 | Geh:7    | Noticed Asmodeus
134149 | Geh:7    | Killed Asmodeus
134149 | Geh:7    | Received a gift from Okawaru
134149 | Geh:7    | Received a gift from Okawaru
134197 | Geh:7    | Got an obsidian rune of Zot
134355 | Geh:7    | Received a gift from Okawaru
134413 | Geh:7    | Identified the Almanac of Hexes
135678 | Geh:7    | Received a gift from Okawaru
136707 | Tar:3    | Received a gift from Okawaru
137176 | Tar:4    | Received a gift from Okawaru
137494 | Tar:4    | Gained mutation: [Potions and wands are less effective at restoring your health.] [mutagenic glow]
137629 | Tar:4    | Gained mutation: [You are dopey. (Int -2)] [mutagenic glow]
137913 | Tar:4    | Received a gift from Okawaru
137944 | Tar:4    | Received a gift from Okawaru
138190 | Tar:4    | Received a gift from Okawaru
138616 | Tar:5    | Received a gift from Okawaru
139702 | Tar:6    | Received a gift from Okawaru
140038 | Tar:6    | Received a gift from Okawaru
140371 | Tar:6    | Received a gift from Okawaru
140962 | Tar:7    | Entered Level 7 of Tartarus
141057 | Tar:7    | Received a gift from Okawaru
142154 | Tar:7    | Received a gift from Okawaru
142604 | Tar:7    | Received a gift from Okawaru
142648 | Tar:7    | Reached skill level 15 in Slings
142815 | Tar:7    | Received a gift from Okawaru
143537 | Tar:7    | Received a gift from Okawaru
144397 | Tar:7    | Learned a level 9 spell: Tornado
144402 | Tar:7    | Learned a level 4 spell: Airstrike
144693 | Tar:7    | Noticed Ereshkigal
144714 | Tar:7    | Killed Ereshkigal
144760 | Tar:7    | Identified the Handbook of Snow
144764 | Tar:7    | Got a bone rune of Zot
145158 | Tar:7    | Received a gift from Okawaru
145176 | Tar:7    | Got a blackened long sword {god gift}
145177 | Tar:7    | Identified the +8 long sword of No More Talking {slice, Dex+4} (Okawaru gifted it to you on level 7 of Tartarus)
145416 | Coc:1    | Noticed a shard shrike
145423 | Coc:1    | Killed a shard shrike
145423 | Coc:1    | Reached skill level 27 in Fighting
145423 | Coc:1    | Reached skill level 27 in Long Blades
145649 | Coc:1    | Noticed a shard shrike
145660 | Coc:1    | Killed a shard shrike
146610 | Depths:2 | Voluntarily entered the Abyss.
146963 | Abyss:2  | Received a gift from Okawaru
146981 | Abyss:2  | Got an ancient hunting sling {god gift}
146982 | Abyss:2  | Identified the +6 hunting sling "Hellblazer" {freeze, MR+} (Okawaru gifted it to you on level 2 of the Abyss)
147122 | Abyss:2  | Found a corrupted altar of Lugonu.
148109 | Abyss:3  | Received a gift from Okawaru
148216 | Abyss:3  | Reached skill level 15 in Invocations
148911 | Abyss:4  | Received a gift from Okawaru
149014 | Abyss:4  | Paralysed by accursed screaming for 1 turns
149030 | Abyss:4  | Paralysed by accursed screaming for 1 turns
149074 | Abyss:4  | Gained mutation: [Potions and wands are poor at restoring your health.] [a neqoxec]
149087 | Abyss:4  | HP: 8/179 [starcursed mass/accursed screaming (11)]
149090 | Abyss:4  | Killed from afar by a balrug

Vault maps used:
D:1:      elethiomel_arrival_shortcut, minmay_tetromino_t2
D:2:      dancing_weapons_uskayaw, first_bread
D:3:      uniq_terence
D:5:      lemuel_castle_with_subvaults, overflow_temple_1_default,
          corexii_checkpoint_a, uniq_pikel, uniq_duvessa
D:6:      nemelex_xobeh_ov_fountains_minmay, grunt_decor_resistance,
          grunt_decor_mini_mirrors, uniq_blork_the_orc
D:7:      hangedman_cross_stitches, serial_park_tiny_2, serial_bayou_pond_a,
          uniq_joseph
D:8:      xom_shifter_show, david_nohive_1, uniq_gastronok
D:9:      nicolae_overflow_hidden_temple, minmay_lair_entry_lava, uniq_erica
D:10:     hiddenorc2_lemuel
D:12:     enter_bailey_3, uniq_snorg
D:13:     minmay_octo_star, dk_noncrumbling_4, david_defended_altar_elf,
          uniq_urug
D:14:     erik_vaults_1, minmay_misc_feat_roman
D:15:     grunt_enter_depths_hoard, grunt_decor_one_mirror
Temple:   regret_index_temple_sphere_string
Lair:1:   beast_lair_carwin_7
Lair:2:   portal_ice_cave_entry_pillars_1, lemuel_fruit_tree, grunt_megastairs_2
Lair:3:   nicolae_swamp_entry_splash_gauntlet, serial_bayou_pond_e,
          grunt_megastairs_4, uniq_sonja, uniq_fannar
Lair:4:   spider_nest_entry_rubble, special_room
Lair:5:   dpeg_slime_entry_enclosed_altar
Lair:6:   cheibrodos_lair_end_hotspot, enter_volcano_2
Swamp:1:  hangedman_swamp_blocks, swamp_pool3, st_swamp_ruins_2
Swamp:2:  serial_swamp_ruin, evilmike_swamp_ruin_house_6,
          evilmike_swamp_ruin_house_1, evilmike_swamp_ruin_house_2, swamp_pool2
Swamp:3:  evilmike_swamp_ruin_rubble_1
Swamp:4:  swamp_basic_johnstein
Spider:1: uniq_nikola
Spider:3: nicolae_spider_cling_halls
Spider:4: guppyfry_spider_rune
Orc:2:    grunt_orc_gardens, grunt_orc_garden, grunt_orc_garden,
          grunt_orc_garden, grunt_orc_garden, basic_altar, roderic_batcave
Elf:1:    elf_arrival_002, portal_desolation_entry_garden, serial_shops,
          bzr_entry_road, minmay_elf_annihilation, uniq_asterion
Elf:2:    basic_altar
Elf:3:    nooodl_elf_gasket, uniq_mara
Vaults:1: dpeg_vaults_monster_box, nicolae_vaults_asterisk, v_misc_30,
          v_misc_13, v_misc_23, nicolae_vaults_murderbox,
          nicolae_vaults_yaktaur_gun_rack, nicolae_vaults_rhombus_6,
          vaults_room_corners, ontoclasm_vaults_gateway
Vaults:2: v_misc_13, nicolae_vaults_ring_of_whatevers,
          nicolae_vaults_little_squares_3, v_misc_10,
          hangedman_vaults_stretched_pinwheel, hangedman_vaults_variations,
          nicolae_vaults_network_s, v_pattern_3,
          nicolae_vaults_little_squares_3, nicolae_vaults_what_the_h,
          vaults_dpeg_ring, nicolae_vaults_asterisk
Vaults:3: ontoclasm_vaults_ring_large, hangedman_vaults_corner_blocks,
          vaults_mumra_hex, nicolae_vaults_network_quincunx,
          dpeg_vaults_pockets_of_resistance, hangedman_vaults_cutoff,
          minmay_crypt_entry_necro_gods, v_misc_5, ontoclasm_vaults_pinch,
          vaults_standard_mumra_lines, hangedman_vaults_locks,
          nicolae_vaults_angled_halls, vaults_room_hallway,
          ontoclasm_vaults_claustrophobia, nicolae_vaults_little_squares_6,
          nicolae_vaults_little_squares_4, vaults_mumra_chevron_long,
          serial_shops, shop
Vaults:4: v_pattern_1, v_misc_33, v_rooms_5, v_misc_28, vaults_standard_mumra_x,
          v_misc_18, vaults_dpeg_encased_lava
Crypt:1:  uniq_jorgrun
Crypt:2:  basic_altar, uniq_frederick, uniq_donald, uniq_bai_suzhen
Crypt:3:  evilmike_haunted_forest
Depths:1: minmay_broken_ring, pf_hell_entry_tar_spiral, minmay_misc_feat_doors,
          rand_demon_pan_entry_4, grunt_ministairs_3, cheibriados_altar_1,
          uniq_sojobo
Depths:2: kennysheep_water_balloons, abyss_entry_crystal, serial_shops,
          kennysheep_little_box, minmay_misc_feat_columns,
          rand_demon_pan_entry_3, grunt_hell_entry_dis_grunt
Depths:3: minmay_mutant_horseshoe, pan_entry, serial_column_ruins,
          column_ruins_temple_hut, column_ruins_hut, column_ruins_corridor_T,
          column_ruins_corridor_straight, column_ruins_corridor_T,
          column_ruins_columns_dead_end, column_ruins_open_small,
          hangedman_abyss_or_decor_slice, abyss_entry, special_room, hell_entry,
          uniq_jory
Depths:4: kennysheep_spiral_hall, serial_column_ruins,
          column_ruins_circle_small, column_ruins_open_tiny,
          column_ruins_columns_straight, column_ruins_columns_plus,
          column_ruins_open_small, column_ruins_open_tiny, column_ruins_grid_3,
          lightli_too_deep, minmay_misc_feat_alley, abyss_entry, uniq_mennas,
          uniq_xtahua
Depths:5: hangedman_slaughterboxes, hell_entry
Dis:2:    hangedman_player_shredder, grunt_megastairs_3
Dis:7:    dis_st
Geh:2:    nicolae_geh_amphitheater
Geh:4:    evilmike_ambush
Geh:7:    geh_grunt
Tar:2:    grunt_megastairs_1
Tar:4:    nicolae_tar_cuneiform_bread
Tar:7:    tar_minmay_river
Abyss:1:  guppyfry_abyss_exit_glass_guarded
Abyss:3:  evilmike_nicolae_abyss_rune_betentacled_crabyss
Abyss:4:  evilmike_abyss_rune_siren_acolytes
Bazaar:   bazaar_lake
Bailey:   bailey_axe_of_yendor_kennysheep, bailey
Volcano:  volcano_tomb

Skill      XL: |  1  2  3  4  5  6  7  8  9 10 11 12 13 14 15 16 17 18 19 20 21 22 23 24 25 26 27 |
---------------+----------------------------------------------------------------------------------+-----
Fighting       | 2 3 4 5 6 7 8 9 10 11 12 13 14 15 16 17 18 19 27 | 27.0
Short Blades   | 1 2 3 5 7 8 |  8.0
Slings         | 6 9 10 16 | 16.1
Stealth        | 2 3 |  3.0
Evocations     | 1 2 4 5 6 7 8 10 13 | 13.5
Dodging        | 3 5 7 8 9 10 11 12 13 14 15 27 | 27.0
Shields        | 2 4 5 10 13 15 21 | 21.1
Armour         | 3 6 8 10 11 12 13 14 15 16 17 18 19 20 21 23 | 23.8
Invocations    | 2 5 8 9 10 12 13 14 15 | 15.6
Charms         | 2 4 |  4.0
Long Blades    | 1 4 6 8 9 11 12 13 14 15 16 17 18 27 | 27.0
Spellcasting   | 2 5 10 | 10.1
Hexes          | 1 13 | 13.9
Air Magic      | 2 17 | 17.0
Translocations | 17 | 17.0

Action                   |  1- 3 |  4- 6 |  7- 9 | 10-12 | 13-15 | 16-18 | 19-21 | 22-24 | 25-27 || total
-------------------------+-------+-------+-------+-------+-------+-------+-------+-------+-------++-------
Melee: Short sword       |   121 |   197 |   514 |       |       |       |       |       |       ||   832
       Whip              |       |       |   162 |  1536 |    85 |       |       |       |       ||  1783
       Scimitar          |       |       |       |    17 |  1462 |       |       |       |       ||  1479
       Dagger            |       |       |       |       |   909 |       |       |       |       ||   909
       Demon blade       |       |       |       |       |   136 |  1732 |  1841 |  1592 |   308 ||  5609
       Katana            |       |       |       |       |       |       |       |   491 |  3529 ||  4020
       Eudemon blade     |       |       |       |       |       |       |       |       |  9855 ||  9855
 Fire: Hunting sling     |     6 |    38 |   119 |   186 |   217 |   202 |    70 |    70 |    57 ||   965
       Blowgun           |       |     5 |    63 |     7 |    16 |       |       |       |       ||    91
       Fustibalus        |       |       |       |       |       |    85 |       |       |  1201 ||  1286
Throw: Stone             |       |     1 |     5 |       |       |       |       |       |       ||     6
 Cast: Confusing Touch   |       |       |       |       |       |       |       |       |     1 ||     1
       Silence           |       |       |       |       |       |       |       |       |     1 ||     1
       Infusion          |       |       |       |       |       |       |       |       |     1 ||     1
Invok: Heroism           |       |       |       |     3 |    13 |     9 |    10 |     6 |    13 ||    54
       Finesse           |       |       |       |       |     3 |     3 |     7 |     7 |    60 ||    80
Evoke: Wand              |       |       |     5 |     3 |     8 |       |     4 |     5 |    16 ||    41
       Sack of spiders   |       |       |       |       |       |       |       |       |     4 ||     4
       Disc of storms    |       |       |       |       |       |       |       |       |     2 ||     2
       Box of beasts     |       |       |       |       |       |       |       |       |     1 ||     1
  Use: Scroll            |       |       |     6 |     9 |    19 |    11 |     9 |    11 |    36 ||   101
       Potion            |       |       |     2 |     3 |     5 |     3 |     2 |       |    40 ||    55
 Stab: Sleeping          |     7 |     5 |     5 |     4 |     4 |     5 |       |       |       ||    30
       Confused          |       |       |     3 |     2 |     1 |       |       |       |       ||     6
       Distracted        |       |       |       |     1 |     2 |     1 |       |       |     5 ||     9
       Invisible         |       |       |       |     1 |       |       |       |       |       ||     1
       Held in net/web   |       |       |       |       |       |       |       |       |     4 ||     4
  Eat: Chunk             |     2 |     7 |    19 |    35 |    50 |    52 |    40 |    37 |   104 ||   346
       Royal jelly       |       |       |     1 |       |       |       |       |       |     4 ||     5
       Fruit             |       |       |       |     3 |     7 |     6 |       |       |    29 ||    45
       Pizza             |       |       |       |     1 |     4 |     2 |     1 |       |     1 ||     9
       Meat ration       |       |       |       |       |       |       |       |       |    17 ||    17
       Beef jerky        |       |       |       |       |       |       |       |       |    11 ||    11
Armor: Leather armour    |    34 |    42 |    97 |   160 |       |       |       |       |       ||   333
       Troll leather arm |       |       |       |   102 |   264 |       |       |       |       ||   366
       Ring mail         |       |       |       |       |   289 |   360 |       |       |       ||   649
       Plate armour      |       |       |       |       |       |    78 |   565 |   439 |  1593 ||  2675
Dodge: Dodged            |    93 |   164 |   512 |  1382 |  1670 |  1282 |   930 |  1463 |  7268 || 14764
Block: Buckler           |       |       |       |   495 |  1013 |   907 |   824 |  1313 |  3266 ||  7818
       Reflection        |       |       |       |     2 |    13 |    26 |    54 |   108 |   158 ||   361
       Shield            |       |       |       |       |       |       |       |       |  6313 ||  6313
       Other             |       |       |       |       |       |       |       |       |    11 ||    11
       Rpst.: Scimitar   |       |       |       |     6 |   243 |       |       |       |       ||   249
       Demon blade       |       |       |       |       |    11 |   211 |   188 |   216 |    28 ||   654
       Katana            |       |       |       |       |       |       |       |    45 |   374 ||   419
       Eudemon blade     |       |       |       |       |       |       |       |       |   873 ||   873
